 Dungeon Crawl Stone Soup version 0.31.0-32-g396128a36d (webtiles) character file.

Game seed: 17248728814011078263

9 RatsInWalls the Apothecary (level 2, 21/21 HPs)
             Began as a Human Wanderer on Mar 10, 2024.
             Quit the game on level 1 of the Dungeon.
             The game lasted 00:01:07 (174 turns).

RatsInWalls the Apothecary (Human Wanderer)          Turns: 174, Time: 00:01:08

Health: 21/21      AC:  5    Str: 14    XL:     2   Next: 12%
Magic:  3/3        EV: 10    Int:  9    God:
Gold:   29         SH:  0    Dex: 13    Spells: 2/3 levels left

rFire   . . .        a - +0 sling
rCold   . . .        (no shield)
rNeg    . . .        b - +0 ring mail
rPois   .            (no helmet)
rElec   .            (no cloak)
rCorr   .            (no gloves)
SInv    .            (no boots)
Will    .....        (no amulet)
Stlth   +            (no ring)
HPRegen 0.23/turn    (no ring)
MPRegen 0.08/turn

%: no passive effects
@: no status effects
A: explore regen
a: no special abilities


You were on level 1 of the Dungeon.
You visited 1 branch of the dungeon, and saw 1 of its levels.

You collected 29 gold pieces.

Inventory:

Hand Weapons
 a - a +0 sling (weapon)
Armour
 b - a +0 ring mail (worn)
Jewellery
 f - a ring of see invisible
Scrolls
 c - a scroll of teleportation
 d - a scroll of brand weapon {unknown}
Potions
 e - a potion of haste {unknown}


   Skills:
 + Level 1.2 Fighting
 + Level 1.2 Ranged Weapons
 + Level 3.0 Armour
 + Level 0.5 Stealth
 + Level 1.1 Spellcasting
 + Level 3.0 Alchemy
 - Level 1.0 Evocations


You had 2 spell levels left.
You knew the following spells:

 Your Spells              Type           Power      Damage    Failure   Level
a - Sting                 Conj/Alch      12%        1d3       36%         1

Your spell library contained the following spells:

 Spells                   Type           Power      Damage    Failure   Level
 Olgreb's Toxic Radiance  Alch           6%         N/A       90%         4
 Fulminant Prism          Conj/Alch      1%         3d5       98%         4


Dungeon Overview and Level Annotations

Branches:
Dungeon (1/15)

Altars:


Innate Abilities, Weirdness & Mutations

You regain HP and MP as you explore.


Message History

There is an open door here.
There is a stone staircase leading down here.
You open the door.
A goblin comes into view. It is wielding a +0 club.
The goblin shouts!
There is an open door here.
A goblin is nearby!
Fire: a) +0 sling
Press: ? - help, Q - select action, (/) - cycle Shift-Dir - straight line, f - goblin
Aim: a goblin, wielding a +0 club (43% to hit)
You shoot a sling bullet.
The sling bullet closely misses the goblin.
You hear a shout!
A goblin comes into view. It is wielding a +0 dagger.
Fire: a) +0 sling
Press: ? - help, Q - select action, (/) - cycle Shift-Dir - straight line, f/p - goblin
Aim: a goblin, wielding a +0 club (43% to hit)
You shoot a sling bullet. The sling bullet hits the goblin.
The goblin is moderately wounded.
Unknown command.
Fire: a) +0 sling
Press: ? - help, Q - select action, (/) - cycle Shift-Dir - straight line, f/p - goblin
Aim: a goblin, wielding a +0 club (moderately wounded, 43% to hit)
You shoot a sling bullet.
The sling bullet completely misses the goblin.
The goblin closely misses you.
Fire: a) +0 sling
Press: ? - help, Q - select action, (/) - cycle Shift-Dir - straight line, f/p - goblin
Aim: a goblin, wielding a +0 club (43% to hit)
You shoot a sling bullet.
The sling bullet barely misses the goblin.
The sling bullet barely misses the goblin.
The goblin hits you with a +0 dagger.
Fire: a) +0 sling
Press: ? - help, Q - select action, (/) - cycle Shift-Dir - straight line, f/p - goblin
Aim: a goblin, wielding a +0 club (43% to hit)
You shoot a sling bullet. The sling bullet hits the goblin.
The goblin is moderately wounded.
The goblin hits you but does no damage.
Are you sure you want to abandon this character and quit the game? (Confirm with "yes".)

#.......# ##.......#
.......... #.......##
#........ #....... #.#
#....# #.# ##g## #.#
##.@g## #.#
##.....########.####
##.......##.........#
#........>#.##...##.#
+.........'.).†...#.##
#.........#.##...#...#
##.......##.##.....#.#
##)....###.##.#.#...#
##...## #.##.#.#####


You could see 2 goblins.

Vanquished Creatures
  A dart slug (D:1)
  2 ball pythons (D:1)
  A bat (D:1)
  A goblin (D:1)
  A kobold (D:1)
6 creatures vanquished.

Notes
Turn   | Place    | Note
-------+----------+-------------------------------------------
     0 | D:1      | RatsInWalls the Human Wanderer began the quest for the Orb.
     0 | D:1      | RatsInWalls set off with the following items: a +0 sling, a
                  | +0 ring mail, a scroll of teleportation; and the following
                  | spell memorised: Sting; and the following spells available
                  | to memorise: Olgreb's Toxic Radiance, Fulminant Prism.
     0 | D:1      | Reached XP level 1. HP: 15/15 MP: 2/2
   134 | D:1      | Reached XP level 2. HP: 21/21 MP: 3/3
   174 | D:1      | Quit the game

Illustrated notes

Levels and vault maps discovered:
D:1:      minmay_arrival_widening_spiral_wide, layout_loops_corners

Action                     || total
---------------------------++-------
   Fire: Sling             ||    14
 Armour: Ring mail         ||     3
  Dodge: Dodged            ||     1
